 Dungeon Crawl Stone Soup version 0.29-a0-337-g68df138881 (webtiles) character file.

Game seed: 4942270937846374934

2533 spaghetti the Covert (level 9, -4/54 HPs)
             Began as an Octopode Conjurer on Apr 16, 2022.
             Was an Elder of Hepliaklqana.
             Slain by a bullfrog (7 damage)
             ... on level 8 of the Dungeon.
             The game lasted 00:09:32 (6897 turns).

spaghetti the Covert (Octopode Conjurer)            Turns: 6897, Time: 00:09:32

Health: -4/54      AC:  1    Str:  7    XL:     9   Next: 55%
Magic:  8/17       EV: 29    Int: 24    God:    Hepliaklqana [****..]
Gold:   383        SH:  0    Dex: 10    Spells: 3/18 levels left

rFire   . . .      SeeInvis .   r - +0 quarterstaff {staff}
rCold   . . .      Faith    .   (shield currently unavailable)
rNeg    . . .      Spirit   .   (helmet restricted)
rPois   .          Reflect  .   w - amulet of the acrobat
rElec   .          Harm     .   (no ring)
rCorr   .          Rampage  .   (no ring)
Will    .....                   (no ring)
Stlth   +++++.....              (no ring)
HPRegen 0.18/turn               (no ring)
MPRegen 0.15/turn               (no ring)
                                (no ring)
                                (no ring)

@: lethally poisoned (-4 -> -17), acrobatic
A: reduced essence, almost no armour, amphibious, 8 rings, camouflage 1,
gelatinous body 1, (nimble swimmer 1), tentacles
a: Renounce Religion, Recall Ancestor, Ancestor Identity, Transference, Idealise


You were on level 8 of the Dungeon.
You worshipped Hepliaklqana.
Hepliaklqana was greatly pleased with you.
You visited 1 branch of the dungeon, and saw 8 of its levels.

You collected 383 gold pieces.


Innate Abilities, Weirdness & Mutations

Your life essence is reduced to manifest your ancestor. (-10% HP)
You cannot wear most types of armour.
You are amphibious.
You can wear up to eight rings at the same time.
Your skin changes colour to match your surroundings (Stealth+).
Your rubbery body absorbs attacks. (AC +1, EV +1)
((You are camouflaged when in or above water. (Stealth+)))
You have tentacles for arms and can constrict up to eight enemies at once.


   Skills:
 + Level 5.4 Fighting
 + Level 6.2 Dodging
 + Level 8.6 Stealth
 + Level 5.4 Spellcasting
 - Level 6.0 Conjurations
 + Level 2.7 Fire Magic


You had 3 spell levels left.
You knew the following spells:

 Your Spells              Type           Power      Damage    Failure   Level
a - Magic Dart            Conj           100%       1d8       1%          1
b - Searing Ray           Conj           70%        2d7       1%          2
c - Fulminant Prism       Conj/Hex       10%        3d9       24%         4
d - Iskenderun's Mystic   Conj/Tloc      20%        2d6       24%         4
e - Sticky Flame          Conj/Fire      27%        2d5       14%         4

Your spell library contained the following spells:

 Spells                   Type           Power      Damage    Failure   Level
 Conjure Flame            Conj/Fire      27%        6-21      4%          3
 Dazzling Flash           Conj/Hex       40%        N/A       8%          3
 Blink                    Tloc           12%        N/A       13%         2
 Ignite Poison            Fire/Tmut/Pois 10%        N/A       17%         3
 Frozen Ramparts          Ice            12%        1d3       26%         3
 Gell's Gravitas          Tloc           6%         N/A       26%         3
 Teleport Other           Tloc           6%         N/A       26%         3
 Ice Form                 Ice/Tmut       6%         N/A       63%         4
 Summon Ice Beast         Ice/Summ       6%         N/A       63%         4
 Manifold Assault         Tloc           6%         N/A       93%         5
 Dispersal                Tloc           3%         N/A       100%        6
 Storm Form               Tmut/Air       3%         N/A       100%        7

Inventory:

Hand Weapons
 c - a +0 dagger {short}
   (You took it off a goblin on level 1 of the Dungeon)
 d - a +0 club {mace}
   (You took it off a goblin on level 1 of the Dungeon)
 g - a +0 dagger {short}
   (You took it off a goblin on level 1 of the Dungeon)
 k - a +0 hunting sling {sling}
   (You found it on level 1 of the Dungeon)
 m - a +0 whip {mace}
   (You found it on level 1 of the Dungeon)
 p - a +0 spear {polearm}
   (You found it on level 1 of the Dungeon)
 q - a +0 war axe {axe}
   (You found it on level 1 of the Dungeon)
 r - a +0 quarterstaff (weapon) {staff}
   (You found it on level 2 of the Dungeon)
 A - a +2 dagger of venom {short}
   (You took it off a kobold on level 3 of the Dungeon)
 O - a +2 hand axe of flaming {axe}
   (You found it on level 7 of the Dungeon)
Missiles
 e - 246 stones {throwing}
 i - 8 poisoned darts {throwing}
Magical Staves
 n - a staff of conjuration {!a@e2staff}
   (You found it on level 1 of the Dungeon)
Jewellery
 w - an amulet of the acrobat (around mantle)
   (You found it on level 2 of the Dungeon)
 z - an amulet of regeneration {@e2}
   (You found it on level 3 of the Dungeon)
 B - an amulet of guardian spirit
   (You found it on level 4 of the Dungeon)
 P - a ring of ice
   (You found it on level 7 of the Dungeon)
Wands
 C - a wand of flame (10)
   (You found it on level 4 of the Dungeon)
 H - a wand of iceblast (1)
   (You found it on level 5 of the Dungeon)
 I - a wand of charming (11)
   (You found it on level 5 of the Dungeon)
 Q - a wand of paralysis (12)
   (You found it on level 7 of the Dungeon)
 R - a wand of polymorph (11)
   (You found it on level 7 of the Dungeon)
Scrolls
 b - 4 scrolls of noise {unknown}
 j - 5 scrolls of immolation {!r!r}
 l - a scroll of acquirement {unknown}
 o - 4 scrolls of identify {unknown}
 u - 2 scrolls of teleportation {unknown}
 x - 3 scrolls of vulnerability {unknown}
 y - 2 scrolls of fear {unknown}
 E - 2 scrolls of amnesia {unknown}
 F - a scroll of magic mapping {unknown}
 G - a scroll of fog {unknown}
 K - a scroll of blinking {unknown}
 N - a scroll of torment {unknown}
Potions
 a - 3 potions of magic
 f - 2 potions of ambrosia {unknown}
 h - 2 potions of curing {unknown}
 s - 4 potions of degeneration {unknown}
 t - 2 potions of mutation {unknown}
 v - 2 potions of heal wounds {unknown}
 D - 2 potions of flight {unknown}
 J - a potion of invisibility {unknown}
 L - a potion of might {unknown}
 M - 2 potions of berserk rage {unknown}
 S - a potion of attraction {unknown}

Dungeon Overview and Level Annotations

Branches:
Dungeon (8/15)             Temple (0/1) D:5
   Lair: D:8-11

Altars:
Elyvilon
Hepliaklqana

Annotations:
D:6 3 runed translucent doors, spaghetti's ghost, weakling DgDe
D:8 Erica

#.##.......#..#
#..........#..#
###...######..)#
##....# ......#
#..##.# ......#
#.###.## ......#
#.# #..##
....... ..#
##..# ..... #.##
##@# .$.
#.######F##g###
#........D.g..#
...##########.#
. .# .. .g .. #


You could see a steam dragon and a bullfrog.


Message History

Unknown command.
Unknown command.
Unknown command.
Unknown command.
A bullfrog comes into view.
Waqi points at Erica and mumbles some strange words.
The puff of frost hits Erica!
Unknown command.
You bump into the rock wall.
The bullfrog croaks.
You hear a loud, deep croak!
You hear a shout!
You hear an angry hiss.
Erica closely misses Waqi.
You hear a shout!
Unknown command.
Unknown command.
A steam dragon and a bullfrog come into view.
You feel less confused.
You hear a shout!
Waqi barely misses Erica.
Erica casts a spell at you.
Waqi appears confused.
A gnoll comes into view. It is wielding a +0 whip.
A gnoll comes into view. It is wielding a +0 spear.
The bullfrog moves out of view.
Unknown command.
Waqi hits Erica with a +0 quarterstaff!
Erica points at you and mumbles some strange words.
Waqi seems to slow down.
The bullfrog misses you.
Casting: Searing Ray (safe; 1% risk of failure)
Confirm with . or Enter, or press ? or * to list all spells.
Aiming: Searing Ray (safe; 1% risk of failure)
Press: ? - help, Shift-Dir - straight line, f - Erica
Aim: Erica, wielding a +4 scimitar of flaming and wearing a +0 robe (moderately wounded, ally target, 78% to hit)
Waqi avoids your attack.
The searing ray hits Erica! (Press . to maintain the ray.)
The bullfrog hits you.
Erica mumbles some strange words.
Erica flickers and vanishes!
Deactivating autopickup; reactivate with Ctrl-A.
Waqi hits something with a +0 quarterstaff! 😕 HP[-6] MP[-2]
You take 6 damage, and now have 48/54 hp.
You lost 2 mp, and now have 15/17 mp.
Waqi avoids your attack.
The searing ray hits something!
The bullfrog closely misses you.
Something hits Waqi.
Something burns Waqi.
The bullfrog completely misses you. 😕 MP[-1]
You lost 1 mp, and now have 14/17 mp.
Waqi avoids your attack.
The searing ray hits something.
The bullfrog hits you.
Something hits Waqi! 😕 MP[-1]
You lost 1 mp, and now have 13/17 mp.
Waqi avoids your attack.
You finish channelling your searing ray.
The bullfrog closely misses you.
Something barely misses Waqi.
The gnoll hits you from afar with a +0 spear!
The bullfrog completely misses you. 😮 HP[-8] MP[-1]
You take 8 damage, and now have 40/54 hp.
You lost 1 mp, and now have 12/17 mp.
Casting: Searing Ray (safe; 1% risk of failure)
Confirm with . or Enter, or press ? or * to list all spells.
Aiming: Searing Ray (safe; 1% risk of failure)
Press: ? - help, Shift-Dir - straight line Waqi avoids your attack. (Press . to maintain the ray.)
The bullfrog hits you.
Something hits Waqi!
The gnoll closely misses you. 😮 HP[-5] MP[-2]
You take 5 damage, and now have 35/54 hp.
You lost 2 mp, and now have 10/17 mp.
Waqi avoids your attack.
The searing ray hits something.
The bullfrog hits you.
You hear some strange, mumbled words.
A lance of force appears from out of thin air!
The lance of force hits Waqi!!
Waqi is destroyed!
The gnoll closely misses you.
The bullfrog closely misses you. 😮 HP[-5]
You take 5 damage, and now have 30/54 hp.
The searing ray hits something.
The bullfrog completely misses you.
The gnoll completely misses you. 😮 MP[-1]
You lost 1 mp, and now have 9/17 mp.
You finish channelling your searing ray.
The bullfrog closely misses you. The gnoll misses you.
The bullfrog misses you. 😮 HP[+1] MP[-1]
You lost 1 mp, and now have 8/17 mp.
You hear some strange, mumbled words.
A bolt of poison appears from out of thin air!
The bolt of poison hits you!!
You are poisoned.
* * * LOW HITPOINT WARNING * * *
😱 HP[-24]
You take 24 damage, and now have 7/54 hp.
MASSIVE DAMAGE!! (PAUSE)
Okay, then.
* * * LOW HITPOINT WARNING * * *
You feel very sick. The bullfrog hits you!
You die...

Skill      XL: |  1  2  3  4  5  6  7  8  9 |
---------------+----------------------------+-----
Stealth        | 3 4 6 7 8 |  8.6
Fighting       | 1 2 3 4 5 |  5.4
Conjurations   | 5 6 |  6.0
Dodging        | 3 4 5 6 |  6.2
Spellcasting   | 3 4 5 |  5.4
Fire Magic     | 1 2 |  2.7

Action                   |  1- 3 |  4- 6 |  7- 9 || total
-------------------------+-------+-------+-------++-------
Melee: Quarterstaff      |     4 |     3 |     4 ||    11
       Constrict         |     3 |     2 |       ||     5
       Tentacles         |     2 |     1 |     2 ||     5
       Unarmed           |     2 |       |       ||     2
 Cast: Magic Dart        |    59 |    41 |   120 ||   220
       Searing Ray       |       |       |    19 ||    19
Invok: Ancestor Life: Ba |     1 |       |       ||     1
  Use: Scroll            |       |       |     1 ||     1
 Stab: Sleeping          |     1 |       |       ||     1
Armor: Skin              |     4 |       |       ||     4
Dodge: Dodged            |     8 |     1 |    26 ||    35

Levels and vault maps discovered:
D:1:      wander_arrival_estate, layout_loops_cross,
          shapermc_ecumenical_altar_notcrosses
D:2:      layout_basic
D:3:      layout_loops_cross, elyvilon_altar_4, marbit_many_paths,
          lexackson_kobold_supper
D:4:      layout_gridville
D:5:      layout_loops_ring, minmay_temple_entry_waves, kennysheep_diamond
D:6:      layout_basic, gammafunk_ghost_necromancy, minmay_misc_feat_doors,
          minmay_misc_feat_five, bh_walls_and_bars
D:7:      layout_basic
D:8:      layout_rooms, kiku_gazebo_pond_becter, minivault_12, uniq_erica

Notes
Turn   | Place    | Note
-------+----------+-------------------------------------------
     0 | D:1      | spaghetti the Octopode Conjurer began the quest for the
                  | Orb.
     0 | D:1      | Reached XP level 1. HP: 11/11 MP: 3/3
     0 | D:1      | magus.rc [v1.9.6]
    64 | D:1      | Found a faded altar of an unknown god.
    70 | D:1      | Prayed at the altar of an unknown god.
    70 | D:1      | Became a worshipper of Hepliaklqana the Forgotten
    70 | D:1      | Reached * piety under Hepliaklqana
   298 | D:1      | Reached XP level 2. HP: 15/15 MP: 3/5
   955 | D:2      | Reached ** piety under Hepliaklqana
   956 | D:2      | Remembered your ancestor Waqi as a battlemage
  1012 | D:2      | You add the spells Blink, Manifold Assault and Storm Form
                  | to your library.
  1478 | D:2      | Reached skill level 3 in Stealth
  1482 | D:2      | Reached XP level 3. HP: 19/19 MP: 0/6
  1830 | D:3      | Found a white marble altar of Elyvilon.
  2246 | D:3      | Reached XP level 4. HP: 24/24 MP: 2/7
  2662 | D:4      | Reached skill level 1 in Fighting
  2860 | D:4      | Reached skill level 5 in Conjurations
  2923 | D:4      | Reached *** piety under Hepliaklqana
  3042 | D:4      | Reached XP level 5. HP: 29/29 MP: 6/8
  3310 | D:5      | Entered Level 5 of the Dungeon
  3310 | D:5      | Noticed an ice beast
  3310 | D:5      | Noticed an ogre
  3368 | D:4      | Killed an ogre
  3369 | D:4      | Reached skill level 4 in Stealth
  3505 | D:5      | Reached skill level 3 in Dodging
  3505 | D:5      | Reached XP level 6. HP: 35/35 MP: 6/9
  3510 | D:5      | Reached skill level 2 in Fighting
  3617 | D:5      | You add the spells Gell's Gravitas, Teleport Other and
                  | Dispersal to your library.
  3630 | D:5      | Noticed a water moccasin
  3633 | D:5      | Killed a water moccasin
  3706 | D:5      | Killed an ice beast
  3707 | D:5      | Reached skill level 3 in Spellcasting
  3707 | D:5      | Reached skill level 6 in Conjurations
  3707 | D:5      | Reached XP level 7. HP: 40/40 MP: 6/11
  3818 | D:5      | Reached skill level 5 in Stealth
  3860 | D:5      | Found a staircase to the Ecumenical Temple.
  3880 | D:5      | Reached skill level 4 in Dodging
  3883 | D:5      | Learned a level 2 spell: Searing Ray
  3888 | D:5      | Learned a level 4 spell: Fulminant Prism
  3893 | D:5      | Learned a level 4 spell: Iskenderun's Mystic Blast
  3896 | D:5      | Reached skill level 3 in Fighting
  4114 | D:5      | Reached skill level 6 in Stealth
  4114 | D:5      | Reached XP level 8. HP: 46/46 MP: 6/13
  4256 | D:5      | Reached skill level 4 in Spellcasting
  4894 | D:6      | Reached skill level 4 in Fighting
  4956 | D:6      | Found a runed translucent gate.
  4956 | D:6      | Found a runed translucent gate.
  4956 | D:6      | Found a runed translucent gate.
  4959 | D:6      | Noticed spaghetti's ghost (weakling DgDe)
  4979 | D:6      | Reached skill level 5 in Dodging
  4993 | D:6      | Reached skill level 7 in Stealth
  5180 | D:6      | You add the spells Conjure Flame, Ignite Poison and Sticky
                  | Flame to your library.
  5186 | D:6      | Learned a level 4 spell: Sticky Flame
  5789 | D:6      | Reached skill level 1 in Fire Magic
  5789 | D:6      | Reached XP level 9. HP: 53/53 MP: 11/16
  5804 | D:6      | Reached skill level 5 in Spellcasting
  5977 | D:7      | Reached skill level 5 in Fighting
  5977 | D:7      | Reached skill level 8 in Stealth
  6033 | D:7      | You pick up a book of Rime and begin reading...
  6033 | D:7      | You add the spells Frozen Ramparts, Ice Form and Summon Ice
                  | Beast to your library.
  6232 | D:7      | Reached **** piety under Hepliaklqana
  6232 | D:7      | Noticed a gargoyle
  6237 | D:7      | Killed a gargoyle
  6238 | D:7      | Reached skill level 6 in Dodging
  6238 | D:7      | Reached skill level 2 in Fire Magic
  6881 | D:8      | Noticed Erica
  6896 | D:8      | HP: 7/54 [something/bolt of poison (24)]
  6897 | D:8      | HP: 3/54 [poisoned by Erica (bolt of poison)]
  6897 | D:8      | Slain by a bullfrog

Vanquished Creatures
  A wyvern (D:7)
  A water moccasin (D:6)
  A sky beast (D:8)
  2 ogres (D:5)
  A kobold brigand (D:8)
  2 necrophages
  A howler monkey (D:4)
  3 orc priests
  A hound (D:5)
  A jelly (D:7)
  An iguana (D:5)
  2 orc wizards
  2 adders
  A shadow imp (D:5)
  2 white imps (D:6)
  2 ufetubi
  A dart slug (D:2)
  12 orcs
  3 bats
  4 endoplasms
  A giant cockroach (D:4)
  5 goblins
  6 hobgoblins
  2 jackals (D:2)
  7 kobolds
  5 ball pythons
  2 frilled lizards (D:3)
  2 rats (D:2)
74 creatures vanquished.

Vanquished Creatures (collateral kills)
  A gargoyle (D:7)
  A water moccasin (D:5)
  2 ice beasts
  4 ogres
  2 sky beasts (D:6)
  2 phantoms
  A necrophage (D:5)
  3 orc priests
  An iguana (D:6)
  An orc wizard (D:7)
  2 dart slugs
  2 orcs
  An endoplasm (D:2)
  A giant cockroach (D:1)
  2 jackals (D:2)
  A kobold (D:3)
  A quokka (D:3)
  A rat (D:3)
29 creatures vanquished.

Vanquished Creatures (others)
  3 battlemagi
  7 plants (D:3)
10 creatures vanquished.

Grand Total: 113 creatures vanquished

Table legend:
 A = Non-vault XP
 B = Vault XP
 C = Vault XP percentage of total XP
 D = Non-vault monster count
 E = Vault monster count
 F = Vault count percentage of total count
                 A         B        C        D         E       F
            +---------+---------+-------+---------+---------+-------
      Total |    3373 |     246 |   6.8 |      92 |      11 |  10.7
            +---------+---------+-------+---------+---------+-------
        D:1 |      19 |       0 |   0.0 |      10 |       0 |   0.0
        D:2 |      29 |       0 |   0.0 |      14 |       0 |   0.0
        D:3 |      31 |      10 |  24.4 |       9 |       8 |  47.1
        D:4 |     202 |       0 |   0.0 |      10 |       0 |   0.0
        D:5 |     906 |     236 |  20.7 |      11 |       3 |  21.4
        D:6 |    1231 |       0 |   0.0 |      27 |       0 |   0.0
        D:7 |     729 |       0 |   0.0 |       7 |       0 |   0.0
        D:8 |     226 |       0 |   0.0 |       4 |       0 |   0.0
            +---------+---------+-------+---------+---------+-------

Illustrated notes

Table legend:
 A = Kills in this place as a percentage of kills in entire the game.
 B = Kills by you in this place as a percentage of kills by you in the entire game.
 C = Kills by friends in this place as a percentage of kills by friends in the entire game.
 D = Other kills in this place as a percentage of other kills in the entire game.
 E = Experience gained in this place as a percentage of experience gained in the entire game.
 F = Experience gained in this place divided by the number of levels of this place that you have seen.
                   A       B       C       D       E      F
               +-------+-------+-------+-------+-------+----------------------
         Total | 100.0 | 100.0 | 100.0 |   N/A | 100.0 | 452.4
       Dungeon | 100.0 | 100.0 | 100.0 |   N/A | 100.0 | 452.4
               +-------+-------+-------+-------+-------+----------------------

Table legend: (Time is in decaauts)
 A = Elapsed time spent in this place.
 B = Non-inter-level travel time spent in this place.
 C = Inter-level travel time spent in this place.
 D = Time resting spent in this place.
 E = Time spent auto-exploring this place.
 F = Levels seen in this place.
 G = Mean time per level.
                   A        B        C        D        E       F      G
               +--------+--------+--------+--------+--------+-----+--------+
         Total |   6900 |   6731 |    169 |    812 |   5278 |   8 |  862.5 |
       Dungeon |   6900 |   6731 |    169 |    812 |   5278 |   8 |  862.5 |
               +--------+--------+--------+--------+--------+-----+--------+

Top non-repeatable levels by time:
     D:6: 1287 daAuts
     D:5: 1106 daAuts
     D:2: 1053 daAuts
     D:4: 977 daAuts
     D:7: 811 daAuts
     D:1: 762 daAuts
     D:3: 707 daAuts
     D:8: 194 daAuts
